Unix NetHack Version 5.0.0-0 post-release - last build May 31 2026 23:59:36 (970b52f25bf058293b47ddfd14a1e40e571c508c,branch:main).

Game began 2026-06-03 15:51:08, ended 2026-06-04 13:25:12.

Anarchos, lawful female dwarven Valkyrie

                                             ------------
          -------                         ###...........-###
          |<.....###########################`|(.........|  #
         #......|                           #|..........|  #
         #|......                           #---------|--  #####
         #-|-----                           ###@Mf    #        # ---------
         # ##                                    ######        # |.......|
         #  #                                    #             ##........|
         #  #%##                                 #               |.......|
         #    ##                                 #               |.......|
         #    #----------.---                    #         ######........|
         #    #|..........>..                   `##        ###   ---------
         #    #.............|              #######          ##
        ##     |.............       ##############          #
 -------#      |............|    ####    -.------+-------  ##
 |_*...|#      ------------.-     ###    |..............|###
 |....<|#                           ##   |..............|#
 |.....-#                            ####-...............#
 -------                                 ----------------

Anarchos the Fighter        St:18/02 Dx:16 Co:18 In:8 Wi:10 Ch:8  Lawful
Dlvl:9  $:231 HP:0(80) Pw:18(18) AC:0  Xp:7/1179 T:8434  Burdened

Latest messages:
 Dip a cursed crystal helmet into the fountain? [yn] (n) y
 Nothing seems to happen.
 Dip a cursed crystal helmet into the fountain? y
 You spot a gem in the sparkling waters!
 The fountain dries up!
 You have a little trouble lifting E - a green gem.
 You are carrying too much to get through.
 You find a hidden passage.
 This door is locked.
 Unlock it with your key? [ynq] (q) y
 You succeed in unlocking the door.
 The door resists!
 The door opens.
 You see here a tin opener.
 The kitten picks up a tin opener.
 The kitten drops a tin opener.
 The kitten picks up a tin opener.
 The kitten drops a tin opener.
 The kitten picks up a tin opener.
 The kitten drops a tin opener.
 You find a hidden passage.
 You miss the ettin mummy.
 The ettin mummy hits!
 The ettin mummy misses!
 The ettin mummy hits!
 The ettin mummy hits again!
 You hit the ettin mummy!
 The ettin mummy hits!
 The ettin mummy hits again!
 You miss the ettin mummy.
 The ettin mummy misses!
 The ettin mummy hits!
 You hit the ettin mummy!
 The ettin mummy misses!
 The ettin mummy hits!
 You miss the ettin mummy.
 The ettin mummy hits!
 The ettin mummy knocks you backward with a powerful blow!
 You stagger...
 You feel a bit steadier now.
 You hit the ettin mummy!
 The ettin mummy misses!
 The ettin mummy hits!
 You hit the ettin mummy!
 The ettin mummy hits!
 The ettin mummy hits again!
 You die...
 Do you want your possessions identified? [ynq] (y) y
 Do you want to see your attributes? [ynq] (y) y
 Do you want an account of creatures vanquished? [ynaq] (y) q

Inventory:
 Coins    ('$')
  $ - 231 gold pieces
 Weapons  (')')
  Z - a +0 bow
  a - a blessed +2 dwarvish spear (at the ready)
  p - a +0 long sword (weapon in right hand)
 Armor    ('[')
  j - a cursed +2 helm of brilliance
  K - an uncursed +0 orcish helm (being worn)
  r - an uncursed +0 pair of gauntlets of dexterity (being worn)
  W - an uncursed +0 pair of low boots (being worn)
  c - an uncursed +3 small shield (being worn)
  J - a blessed +1 mummy wrapping
  h - a blessed +3 bronze plate mail
  q - an uncursed +0 ring mail (being worn)
 Comestibles  ('%')
  N - an uncursed throbbing cock
  C - 2 uncursed bananas
  X - 2 uncursed food rations
  B - an uncursed tripe ration
  P - an uncursed egg
  m - an uncursed lichen corpse
  G - an uncursed lizard corpse
 Scrolls  ('?')
  Y - an uncursed scroll of gold detection
  d - an uncursed scroll of remove curse
  t - 2 uncursed scrolls of teleportation
 Spellbooks  ('+')
  L - an uncursed spellbook of restore ability
 Potions  ('!')
  M - an uncursed potion of levitation
  i - an uncursed potion of object detection
 Rings    ('=')
  y - an uncursed ring of invisibility
  n - an uncursed ring of searching (on left hand)
  v - an uncursed ring of slow digestion (on right hand)
 Wands    ('/')
  k - a wand of create monster (0:0)
  f - a wand of nothing (0:11)
  z - a wand of slow monster (0:6)
 Tools    ('(')
  U - an uncursed bag of holding containing 27 items
  H - an uncursed oil lamp
  R - an uncursed skeleton key
  O - an uncursed tallow candle
 Gems/Stones  ('*')
  l - an uncursed amethyst stone
  E - an uncursed emerald

Contents of the bag of holding:
  249 gold pieces
  an uncursed amulet of restful sleep
  6 cursed +0 silver arrows
  a blessed +0 dart
  a +0 dagger
  a +0 long sword
  7 cursed lembas wafers
  a cursed tin of gecko meat
  a cursed tin of spinach
  a cursed scroll of create monster
  2 cursed scrolls of identify
  an uncursed spellbook of healing
  an uncursed potion of booze
  2 cursed potions of booze
  2 cursed potions of healing
  a cursed potion of paralysis
  2 uncursed potions of see invisible
  a potion of holy water
  a cursed ring of sustain ability
  a cursed ring of teleport control
  a cursed wand of secret door detection (0:13)
  a cursed wand of speed monster (0:3)
  an uncursed jade stone
  2 uncursed worthless pieces of black glass
  2 uncursed worthless pieces of orange glass
  2 uncursed worthless pieces of red glass
  5 uncursed worthless pieces of yellow glass

Anarchos the Valkyrie's attributes:

Background:
 You were a Fighter, a level 7 dwarven Valkyrie.
 You were lawful, on a mission for Tyr
 who was opposed by Odin (neutral) and Loki (chaotic).
 You were right-handed.
 You were in the Dungeons of Doom, on level 9.
 You entered the dungeon 8434 turns ago.
 You had 1179 experience points, 101 more were needed to attain level 8.

Basics:
 You had 0 out of 80 hit points.
 You had all 18 energy points (spell power).
 Your armor class was 0.
 Your wallet contained 231 zorkmids, and
 you had 249 more stashed away in your pack.
 Autopickup was on for all types.

Final Characteristics:
 Your strength was 18/02 (limit:18/100).
 Your dexterity was 16 (limit:20).
 Your constitution was 18 (limit:20).
 Your intelligence was 8 (limit:16).
 Your wisdom was 10 (limit:16).
 Your charisma was 8 (limit:16).

Final Status:
 You weren't hungry.
 You were burdened; movement was slightly slowed.
 You were wielding a long sword.
 You were skilled in long sword.

Final Attributes:
 You were piously aligned.
 You were cold resistant.
 You were telepathic.
 You had automatic searching.
 You had infravision.
 You were stealthy.
 You had slower digestion.
 You were warded.
 Your spell casting was impaired by metallic armor.
 You were fast.
 You are dead.

Miscellaneous:
 You encountered 1 bones level.
 Total elapsed playing time was 5 hours, 5 minutes and 8 seconds.

Major events:
 Turn
    1: Anarchos the lawful dwarven Valkyrie entered the dungeon
 2174: attained the rank of Skirmisher (level 3)
 3936: entered the Gnomish Mines
 4825: reached Mine Town
 4943: attained the rank of Fighter (level 6)
 7908: entered Sokoban
 8434: killed by an ettin mummy

Spells:
 Name                 Level Category     Fail Retention
 healing                1   healing      100%  76%-100%

Skills:
 Fighting Skills
   bare handed combat [Unskilled]
   two weapon combat  [Unskilled]
   riding             [Unskilled]
 Weapon Skills
   dagger             [Basic]
   axe                [Unskilled]
   pick-axe           [Unskilled]
   short sword        [Unskilled]
   broadsword         [Unskilled]
   long sword         [Skilled]
   two-handed sword   [Unskilled]
   saber              [Unskilled]
   hammer             [Unskilled]
   quarterstaff       [Unskilled]
   polearms           [Unskilled]
   spear              [Basic]
   trident            [Unskilled]
   lance              [Unskilled]
   sling              [Unskilled]
 Spellcasting Skills
   attack spells      [Unskilled]
   escape spells      [Unskilled]

Voluntary challenges:
 Character rerolling was not enabled.
 You never genocided any monsters.
 You never polymorphed an object.
 You never changed form.
 You used no wishes.
 You did not violate any of the special Sokoban rules.
Achievements:
 You entered a shop.
 You attained the rank of Skirmisher.
 You entered the Gnomish Mines.
 You entered Minetown.
 You entered a temple.
 You attained the rank of Fighter.
 You entered Sokoban.

 The Dungeons of Doom: levels 1 to 10
    Level 1:
       An altar to Tyr.
    Level 2:
       A weapon shop.
    Level 3:
       A potion shop.
       Stairs down to The Gnomish Mines.
    Level 4:
    Level 5:
    Level 6:
       Some fountains.
    Level 7:
    Level 8:
       Many fountains, a grave.
       Oracle of Delphi.
       Final resting place for
          h2g2-Ran-Elf-Fem-Cha, killed by a housecat called A,
          fordic-Mon-Hum-Mal-Cha, killed by a wolf.
    Level 9: <- You were here.
       An altar.
       Stairs up to Sokoban, level 8.
       Final resting place for
          you, killed by an ettin mummy.
    Level 10:
 The Gnomish Mines: levels 4 to 8
    Level 4:
    Level 5:
    Level 6:
    Level 7:
       Many shops, a temple and an altar to Tyr, some fountains.
    Level 8:
 Sokoban:
    Level 8:
       Unsolved.


Vanquished creatures:
  a ghost
  a large mimic
  a gelatinous cube
  a human mummy
  5 wolves
  a leprechaun
 an orc mummy
  a werewolf
  a lizard
  a jaguar
 an ape
  3 human zombies
  a wood nymph
  a water nymph
 an orc shaman
  a rock mole
  a fog cloud
  a violet fungus
  a guardian naga hatchling
  3 elf zombies
  3 straw golems
  4 giant ants
  a floating eye
  a kitten
  2 homunculi
  a kobold leader
  a kobold shaman
  5 rothes
  2 centipedes
  a giant bat
  a werejackal
  4 acid blobs
  2 coyotes
  a gas spore
  2 manes
  2 large kobolds
  3 hobgoblins
  8 giant rats
  7 cave spiders
  a brown mold
  a yellow mold
  a red mold
  2 gnomes
  2 gnome zombies
 12 geckos
 16 jackals
  a fox
  2 kobolds
  8 goblins
 16 grid bugs
  9 bats
 10 lichens
  a kobold zombie
 11 newts
172 creatures vanquished.

No species were genocided or became extinct.

Game over:
                       ----------
                      /          \
                     /    REST    \
                    /      IN      \
                   /     PEACE      \
                  /                  \
                  |     Anarchos     |
                  |      480 Au      |
                  |   killed by an   |
                  |   ettin mummy    |
                  |                  |
                  |                  |
                  |       2026       |
                 *|     *  *  *      | *
        _________)/\\_//(\/(/\)/\//\/|_)_______

Farvel Anarchos the Valkyrie...

You died in The Dungeons of Doom on dungeon level 9 with 5768 points,
and 480 pieces of gold, after 8434 moves.
You were level 7 with a maximum of 80 hit points when you died.

